 Dungeon Crawl Stone Soup version 0.30.0-5-g1a98f26d00 (webtiles) character file.

Game seed: 11913143993316302432

35 SnakkuSnakku7 the Grasshopper (level 3, -3/32 HPs)
             Began as an Armataur Warper on May 8, 2023.
             Slain by a gnoll
             ... wielding a +0 flail
              (11 damage)
             ... on level 1 of the Dungeon.
             The game lasted 00:01:11 (818 turns).

SnakkuSnakku7 the Grasshopper (Armataur Warper)      Turns: 818, Time: 00:01:11

Health: -3/32      AC:  4    Str: 18    XL:     3   Next: 17%
Magic:  14/14      EV:  9    Int: 13    God:
Gold:   68         SH:  0    Dex:  9    Spells: 5/5 levels left

rFire   . . .        a - +0 hand axe
rCold   . . .        (no shield)
rNeg    . . .        b - +0 leather armour
rPois   .            (no helmet)
rElec   .            (no cloak)
rCorr   .            (no gloves)
SInv    .            (no barding)
Will    .....        i - amulet of faith
Stlth   +            m - ring of magical power
HPRegen 0.25/turn    (no ring)
MPRegen 0.14/turn

%: roll, faith
@: no status effects
A: large, rugged brown scales 3, deformed body, armoured tail, roll, long
tongue, awkward tongue
a: no special abilities


You were on level 1 of the Dungeon.
You visited 1 branch of the dungeon, and saw 2 of its levels.

You collected 68 gold pieces.

Inventory:

Hand Weapons
 a - a +0 hand axe (weapon)
Missiles
 d - 6 boomerangs of dispersal (quivered)
 g - 3 poisoned darts
Armour
 b - a +0 leather armour (worn)
Jewellery
 i - an amulet of faith (around neck)
 m - a ring of magical power (left hand)
Scrolls
 c - 2 scrolls of blinking
 f - a scroll of teleportation {unknown}
 h - a scroll of noise {unknown}
 k - a scroll of butterflies {unknown}
Potions
 e - 2 potions of magic {unknown}
 j - a potion of resistance {unknown}
 l - a potion of might {unknown}


   Skills:
 + Level 2.6 Fighting
 + Level 2.3 Axes
 - Level 0.8 Throwing
 - Level 1.2 Armour
 - Level 1.3 Dodging
 - Level 1.7 Spellcasting
 - Level 3.0 Translocations


You had 5 spell levels left.
You didn't know any spells.
Your spell library contained the following spells:

 Spells                   Type           Power      Damage    Failure   Level
 Blink                    Tloc           16%        N/A       14%         2
 Lesser Beckoning         Tloc           16%        N/A       14%         2
 Teleport Other           Tloc           8%         N/A       26%         3
 Vhi's Electric Charge    Tloc/Air       10%        N/A       45%         3
 Manifold Assault         Tloc           8%         N/A       65%         4


Dungeon Overview and Level Annotations

Branches:
Dungeon (2/15)

Altars:


Innate Abilities, Weirdness & Mutations

You are completely covered in rugged brown scales. (AC +3, +7% HP)
Armour fits poorly on your strangely shaped body.
You have a long armoured tail.
You roll when moving toward enemies. (Rampage)
Your long tongue fully drains potion bottles. (2x potion effects)
Your tongue gives you trouble enunciating. (1.5x scroll delay)


Message History

You slash the frilled lizard!
You kill the frilled lizard!
m - a ring of magical power You feel your magic capacity increase.
m - a ring of magical power (left hand)
Found a leather armour.
You see here a +0 leather armour.
Magic restored.
Found a stone staircase leading down.
Done exploring.
Done exploring.
(D) Dungeon
Where to? (Enter - D:1 @ (x,y), ? - help)
There is a stone staircase leading down here.
You climb downwards.
The gnoll shouts! x4
There is a stone staircase leading up here.
There are monsters nearby!
Unknown command.
The gnoll hits you with a +0 whip. The gnoll hits you with a +0 flail.
You climb upwards.
There is a stone staircase leading down here.
Unknown command.
You hit the gnoll. You tail-slap the gnoll!
The gnoll is severely wounded.
You closely miss the gnoll. The gnoll hits you with a +0 flail!
The gnoll hits you with a +0 whip!
You are too injured to fight recklessly!
Unknown command.
You are too injured to fight recklessly!
You completely miss the gnoll.
The gnoll is severely wounded.
You hit the gnoll but do no damage. The gnoll hits you with a +0 flail.
The gnoll hits you with a +0 whip.
* * * LOW HITPOINT WARNING * * *
Unknown command.
You barely miss the gnoll.
The gnoll is severely wounded.
You barely miss the gnoll. The gnoll hits you with a +0 flail!
You die...

############ ...........#
....######.##############
###.######.##..gg.......#
#.#...........@.......#
#....#......########..#
##.....#...#.# #..#
##.........##.# #..#
..........###.# #..# .........##
#.########..######## .........#
#..................#
.........#############..######.#
...............# ####..# #.#


You could see 2 gnolls.

Vanquished Creatures
  3 dart slugs (D:1)
  A ball python (D:1)
  2 endoplasms (D:1)
  3 giant cockroaches (D:1)
  3 goblins (D:1)
  A hobgoblin (D:1)
  3 jackals (D:1)
  A quokka (D:1)
  3 bats (D:1)
  3 frilled lizards (D:1)
  2 kobolds (D:1)
  A rat (D:1)
26 creatures vanquished.

Notes
Turn   | Place    | Note
-------+----------+-------------------------------------------
     0 | D:1      | SnakkuSnakku7 the Armataur Warper began the quest for the
                  | Orb.
     0 | D:1      | Reached XP level 1. HP: 18/18 MP: 3/3
   144 | D:1      | Reached XP level 2. HP: 25/25 MP: 4/4
   669 | D:1      | Reached XP level 3. HP: 28/32 MP: 5/5
   818 | D:1      | Slain by a gnoll

Illustrated notes

Levels and vault maps discovered:
D:1:      wander_arrival_fairy_ring, layout_loops_ring, minmay_cut_off
D:2:      layout_loops_ring

Skill      XL: |  1  2 |
---------------+-------+-----
Fighting       | 2 |  2.6
Axes           | 2 |  2.3
Throwing       | |  0.8
Armour         | |  1.2
Dodging        | |  1.3
Spellcasting   | |  1.7
Translocations | |  3.0

Action                     || total
---------------------------++-------
  Melee: Hand axe          ||    77
         Tailslap          ||     3
  Throw: Boomerang         ||     1
 Armour: Leather armour    ||    43
  Dodge: Dodged            ||    37
